 Dungeon Crawl Stone Soup version 0.31-a0-986-g5e6e4ef867 (webtiles) character file.

Game seed: 9939561381272851075

911 horus123 the Basher (level 8, -8/62 HPs)
             Began as a Human Fighter on Nov 16, 2023.
             Was an Initiate of Makhleb.
             Mangled by kaesle's ghost (11 damage)
             ... on level 6 of the Dungeon.
             The game lasted 00:08:27 (5001 turns).

horus123 the Basher (Human Fighter)                 Turns: 5001, Time: 00:08:27

Health: -8/62      AC: 11    Str: 20    XL:     8   Next: 30%
Magic:  9/9        EV:  7    Int:  8    God:    Makhleb [......]
Gold:   373        SH:  4    Dex: 12    Spells: 7/7 levels left

rFire   . . .        a - +0 flail
rCold   . . .        c - +0 buckler
rNeg    . . .        r - +0 chain mail
rPois   .            (no helmet)
rElec   .            m - +0 cloak
rCorr   .            (no gloves)
SInv    .            s - +0 pair of boots
Will    .....        t - amulet of regeneration Stlth
                     (no ring)
HPRegen 1.10/turn    (no ring)
MPRegen 0.11/turn

%: no passive effects
@: no status effects
A: no striking features
a: Renounce Religion


You were on level 6 of the Dungeon.
You worshipped Makhleb.
Makhleb was noncommittal.
You visited 2 branches of the dungeon, and saw 7 of its levels.

You collected 373 gold pieces.

Inventory:

Hand Weapons
 a - a +0 flail (weapon)
Missiles
 y - 6 javelins
Armour
 b - a +0 scale mail
 c - a +0 buckler (worn)
 j - an orb of energy
 m - a +0 cloak (worn)
 p - a scarf of invisibility
 r - a +0 chain mail (worn)
 s - a +0 pair of boots (worn)
 A - a +1 leather armour of fire resistance
Jewellery
 t - an amulet of regeneration (around neck)
Wands
 d - a wand of flame (8)
Scrolls
 g - 2 scrolls of teleportation
 i - 2 scrolls of fear
 k - a scroll of enchant armour {unknown}
 l - 2 scrolls of poison
 n - a scroll of acquirement {unknown}
 v - 3 scrolls of noise
 x - a scroll of fog {unknown}
 z - 2 scrolls of amnesia {unknown}
 B - a scroll of enchant weapon {unknown}
Potions
 e - 2 potions of berserk rage {unknown}
 f - a potion of degeneration {unknown}
 h - a potion of curing {unknown}
 o - a potion of lignification {unknown}
 q - a potion of haste {unknown}
 u - a potion of invisibility {unknown}
 w - a potion of might
 C - a potion of enlightenment {unknown}


   Skills:
 - Level 5.0 Fighting
 - Level 8.0 Maces & Flails
 - Level 3.0 Armour
 - Level 3.0 Shields
 + Level 2.0 Invocations


You had 7 spell levels left.
You didn't know any spells.
Your spell library contained the following spells:

 Spells                   Type           Power      Damage    Failure   Level
 Magic Dart               Conj           0%         1d3       99%         1
 Call Imp                 Summ           0%         N/A       100%        2
 Static Discharge         Conj/Air       0%         3-3/arc   100%        2
 Call Canine Familiar     Summ           0%         N/A       100%        3
 Mephitic Cloud           Conj/Pois/Air  0%         N/A       100%        3
 Sigil of Binding         Hex            0%         N/A       100%        3
 Airstrike                Air            0%         2d(0-16)  100%        4
 Dimensional Bullseye     Hex/Tloc       0%         N/A       100%        4
 Leda's Liquefaction      Hex/Erth       0%         N/A       100%        4
 Summon Lightning Spire   Summ/Air       0%         N/A       100%        4
 Summon Forest            Summ/Tloc      0%         N/A       100%        5
 Summon Mana Viper        Hex/Summ       0%         N/A       100%        5
 Summon Cactus Giant      Summ           0%         N/A       100%        6


Dungeon Overview and Level Annotations

Branches:
Dungeon (6/15)             Temple (1/1) D:5

Altars:
Ashenzari
Cheibriados
Dithmenos
Elyvilon
Hepliaklqana
Kikubaaqudgha
Makhleb
Nemelex Xobeh
Okawaru
Ru
Sif Muna
Trog
Uskayaw
Vehumet
Wu Jian
The Shining One

Annotations:
D:6 kaesle's ghost, novice HOFi


Message History

Kaesle's ghost closely misses you.
You thump kaesle's ghost!
Kaesle's ghost is heavily damaged.
You block kaesle's ghost's attack.
You sock kaesle's ghost!
Kaesle's ghost is severely damaged.
Kaesle's ghost hits you but does no damage.
You hit kaesle's ghost.
Kaesle's ghost is severely damaged.
Kaesle's ghost hits you.
You hit kaesle's ghost but do no damage.
Kaesle's ghost is severely damaged.
Kaesle's ghost hits you!
You hit kaesle's ghost but do no damage.
Kaesle's ghost is severely damaged.
Kaesle's ghost hits you.
You hit kaesle's ghost.
Kaesle's ghost is severely damaged.
Kaesle's ghost hits you!
You hit kaesle's ghost but do no damage.
Kaesle's ghost is severely damaged.
Kaesle's ghost hits you.
You hit kaesle's ghost but do no damage.
Kaesle's ghost is severely damaged.
Kaesle's ghost hits you!
You hit kaesle's ghost but do no damage.
Kaesle's ghost is severely damaged.
Kaesle's ghost hits you!
* * * LOW HITPOINT WARNING * * *
You hit kaesle's ghost.
Kaesle's ghost is severely damaged.
Kaesle's ghost barely misses you.
You hit kaesle's ghost but do no damage.
Kaesle's ghost is severely damaged.
Kaesle's ghost hits you!
* * * LOW HITPOINT WARNING * * *
You hit kaesle's ghost but do no damage.
Kaesle's ghost is severely damaged.
Kaesle's ghost hits you!
You die...

#####...#...........#..#######..#
#..##...#.....#####.#..##.......#
#.......'.....#.).#.#..##.......#
#.......#.....#.~.#.#...........#
#..######.....#.~.#.#..##...##..#
#..#..........#.~.#.#..##...##..#
#..'..........#.~.#.#...........#
#..#..........##W##.#...........#
####............@...#######.##..#
#<.#..รท......##.......# ##.##..#
#..'.........#...#....# #......#
#+##.........#...#....#. #.......
......>......#...#....#..##......
.............#...#....#..##.....#
....#####....#...#....#.........#
....#...#....#...#....#..........
#'###...#....#...#....#..##......


You could see kaesle's ghost.

Vanquished Creatures
  A black bear (D:6)
  2 ogres (D:6)
  3 scorpions
  2 hounds
  Crazy Yiuf (D:4)
  3 jellies
  A sleepcap (D:4)
  3 iguanas
  11 adders
  2 white imps (D:6)
  A worm (D:4)
  4 dart slugs
  4 orcs
  4 bats
  4 endoplasms
  3 giant cockroaches
  5 goblins
  10 hobgoblins
  2 quokkas
  10 ball pythons
  A frilled lizard (D:2)
  5 kobolds
  11 rats
93 creatures vanquished.

Notes
Turn   | Place    | Note
-------+----------+-------------------------------------------
     0 | D:1      | horus123 the Human Fighter began the quest for the Orb.
     0 | D:1      | Reached XP level 1. HP: 18/18 MP: 1/1
   152 | D:1      | Reached XP level 2. HP: 18/24 MP: 2/2
   657 | D:1      | Found a faded altar of an unknown god.
   672 | D:1      | Reached XP level 3. HP: 26/30 MP: 3/3
  1135 | D:2      | Reached XP level 4. HP: 37/38 MP: 4/4
  1810 | D:3      | Reached skill level 5 in Fighting
  2037 | D:3      | Found an iron altar of Okawaru.
  2577 | D:4      | Reached XP level 5. HP: 44/44 MP: 5/5
  2642 | D:4      | Reached skill level 3 in Maces & Flails
  2852 | D:4      | Found a runed translucent door.
  2853 | D:4      | Noticed Crazy Yiuf
  2861 | D:4      | Killed Crazy Yiuf
  3006 | D:4      | Reached skill level 4 in Maces & Flails
  3012 | D:4      | Reached XP level 6. HP: 51/51 MP: 6/6
  3187 | D:4      | Reached skill level 5 in Maces & Flails
  3496 | D:5      | Entered Level 5 of the Dungeon
  3776 | D:5      | Reached XP level 7. HP: 22/56 MP: 7/7
  3830 | D:5      | Reached skill level 6 in Maces & Flails
  3854 | D:5      | Found a staircase to the Ecumenical Temple.
  3869 | Temple   | Entered the Ecumenical Temple
  3891 | Temple   | Became a worshipper of Makhleb the Destroyer
  3913 | D:5      | Identified the +6 short sword of Labytt {heavy, rElec Dex-3
                  | Stlth+}
  4341 | D:5      | Found a shadowy altar of Dithmenos.
  4347 | D:5      | Found an ornate altar of the Wu Jian Council.
  4459 | D:6      | Reached skill level 7 in Maces & Flails
  4476 | D:6      | Found a hide-covered altar of Uskayaw.
  4648 | D:6      | Reached XP level 8. HP: 60/62 MP: 8/8
  4711 | D:6      | Identified the +1 hand axe "Hyggavew" {venom, *Corrode
                  | rElec rN+}
  4755 | D:6      | Found a white marble altar of Elyvilon.
  4757 | D:6      | Found a shimmering blue altar of Sif Muna.
  4845 | D:6      | Reached skill level 8 in Maces & Flails
  4845 | D:6      | Reached skill level 1 in Invocations
  4913 | D:6      | Found a runed translucent door.
  4914 | D:6      | Noticed kaesle's ghost (novice HOFi)
  5000 | D:6      | HP: 2/62 [kaesle's ghost (14)]
  5001 | D:6      | Mangled by kaesle's ghost

Illustrated notes

Levels and vault maps discovered:
D:1:      psy_arrival_fountain, layout_loops_ring,
          shapermc_ecumenical_altar_mp_highgroup, grunt_decor_junction,
          minmay_misc_feat_hallway
D:2:      layout_basic, fountainhead, kennysheep_another_room
D:3:      layout_basic, mainiacjoe_overflow_catwalk
D:4:      layout_basic, uniq_crazy_yiuf_cottage
D:5:      layout_loops_corners, minitemple, minmay_temple_entry_steel_oval
D:6:      layout_gridville, chequers_temple_overflow_statue_of_worship,
          kennysheep_mini, ebering_ghost_reflecting_pool,
          nicolae_kite_square_tiling_tiny, minmay_misc_feat_enclosed
Temple:   eino_wide_crystal_templ

Skill      XL: |  1  2  3  4  5  6  7  8 |
---------------+-------------------------+-----
Fighting       | 4 5 |  5.0
Maces & Flails | 4 5 7 8 |  8.0
Invocations    | 2 |  2.0
Armour         | |  3.0
Shields        | |  3.0

Action                     |  1- 3 |  4- 6 |  7- 9 || total
---------------------------+-------+-------+-------++-------
  Melee: Flail             |    98 |   179 |   107 ||   384
    Use: Potion            |       |     1 |       ||     1
         Scroll            |       |       |     4 ||     4
 Armour: Scale mail        |    89 |    73 |       ||   162
         Chain mail        |       |    59 |    88 ||   147
  Dodge: Dodged            |    48 |    63 |    40 ||   151
  Block: Buckler           |    17 |    32 |    21 ||    70

Table legend: (Time is in decaauts)
 A = Elapsed time spent in this place.
 B = Non-inter-level travel time spent in this place.
 C = Inter-level travel time spent in this place.
 D = Time resting spent in this place.
 E = Time spent auto-exploring this place.
 F = Levels seen in this place.
 G = Mean time per level.
                   A        B        C        D        E       F      G
               +--------+--------+--------+--------+--------+-----+--------+
         Total |   5094 |   5000 |     94 |     37 |   3926 |   7 |  727.7 |
       Dungeon |   5063 |   4969 |     94 |     37 |   3926 |   6 |  843.8 |
        Temple |     30 |     30 |      0 |      0 |      0 |   1 |   30.0 |
               +--------+--------+--------+--------+--------+-----+--------+

Top non-repeatable levels by time:
     D:4: 961 daAuts
     D:2: 929 daAuts
     D:5: 909 daAuts
     D:3: 846 daAuts
     D:1: 839 daAuts
     D:6: 577 daAuts
  Temple: 30 daAuts
